[Event "Titled Tuesday Blitz March 01 Late 2022"]
[White "Medeiros Jr, Francisco De Assis"]
[Black "Saim, Mohamed Ilias"]
[WhiteFideId "2114267"]
[BlackFideId "7900465"]
[WhiteElo "1998"]
[BlackElo "2006"]
[Result "1-0"]
[Round "05"]
[TimeControl "180+1"]
[Date "2022.03.02"]
[WhiteClock "0:00:15"]
[BlackClock "0:00:16"]

1. d4 Nf6 2. Nf3 e6 3. Bg5 Be7 4. Nbd2 O-O 5. e4 d6 6. Bd3 Nbd7 7. O-O b6 8. Re1 Bb7 9. c3 c5 10. Qe2 Re8 11. a4 a6 12. b4 cxb4 13. cxb4 a5 14. b5 Rc8 15. Rac1 h6 16. Bh4 g5 17. Bg3 Nh5 18. Nc4 Nxg3 19. hxg3 d5 20. exd5 Bxd5 21. Nfe5 Bf6 22. Qh5 Nxe5 23. dxe5 Bg7 24. Nd6 Rxc1 25. Rxc1 Rf8 26. f4 f6 27. Qg6 f5 28. Rc6 gxf4 29. gxf4 Qh4 30. Rc7 Qe1+ 31. Bf1 Qe3+ 32. Kh1 Bxg2+ 33. Bxg2 Qe1+ 34. Kh2 Qh4+ 35. Kg1 Qe1+ 36. Bf1 Qe3+ 37. Kh1 Qf3+ 38. Qg2 Qxg2+ 39. Kxg2 Kh7 40. Rc8 Kg6 41. Rxf8 Bxf8 42. Kf3 Bxd6 43. exd6 Kf6 44. Bd3 Kf7 45. Bc4 Kf6 46. d7 Ke7 47. Bxe6 h5 48. Bxf5 h4 49. Bh3 Kd8 50. Ke4 Kc7 51. Kd5 Kd8 52. Kc6 Ke7 53. Kxb6 Kd8 54. Kxa5 Kc7 55. Kb4 Kd8 56. a5 Kc7 57. Kc4 Kd8 58. Kd4 Kc7 59. Ke4 Kd8 60. Kf3 Kc7 61. Bg4 h3 62. Kg3 Kd8 63. Kh2 Kc7 64. Kxh3 Kd8 65. Kg3 Kc7 66. Kh4 Kd8 67. f5 Kc7 68. Kg5 Kd8 69. f6 Kc7 70. Bf5 Kd8 71. Kf4 Kc7 72. Ke4 Kd8 73. Ke3 Kc7 74. Ke2 Kd8 75. Kd2 Kc7 76. Kc2 Kd8 77. Kb1 Kc7 78. Kb2 Kd8 79. Ka2 Kc7 80. Ka3 Kd8 81. Ka4 Kc7 82. Kb4 Kd8 83. Bh3 Kc7 84. Kc5 Kd8 85. f7 Kc7 86. d8=Q+ Kxd8 87. f8=Q+ Kc7 88. Qd6+ Kb7 89. Qd1 Ka7 90. Qc1 Kb8 91. Qb2 Ka7 92. Bf1 1-0


[Site "https://www.chess.com"]

[Event "Titled Tuesday Blitz March 01 Late 2022"]
[White "Melkumyan, Hrant"]
[Black "Abdyzhapar, Asylbek"]
[WhiteFideId "13302485"]
[BlackFideId "13800337"]
[WhiteElo "2604"]
[BlackElo "2331"]
[Result "1-0"]
[Round "05"]
[TimeControl "180+1"]
[Date "2022.03.01"]
[WhiteClock "0:01:51"]
[BlackClock "0:01:35"]

1. c4 Nf6 2. g3 g6 3. Bg2 Bg7 4. Nc3 O-O 5. d4 d6 6. Nf3 Nc6 7. O-O a6 8. Bf4 Re8 9. Rc1 Bg4 10. d5 Na5 11. b3 c5 12. h3 Bd7 13. e4 b5 14. Nd2 Nh5 15. Be3 e5 16. dxe6 fxe6 17. g4 Nf6 18. cxb5 axb5 19. e5 dxe5 20. Bxc5 Rc8 21. Nde4 Bc6 22. Qxd8 Rexd8 23. Nxf6+ Bxf6 24. Bb6 Bxg2 25. Kxg2 Nb7 26. Bxd8 Rxd8 27. Rfd1 Rd3 1-0


[Site "https://www.chess.com"]

[Event "Titled Tuesday Blitz March 01 Late 2022"]
[White "Mikhalsky, Vladimir"]
[Black "Sailer, Mike"]
[WhiteFideId "14144352"]
[BlackFideId "2012901"]
[WhiteElo "2248"]
[BlackElo "2109"]
[Result "1-0"]
[Round "05"]
[TimeControl "180+1"]
[Date "2022.03.02"]
[WhiteClock "0:00:51"]
[BlackClock "0:00:01"]

1. c4 c6 2. g3 d5 3. Bg2 Nf6 4. Nf3 Bf5 5. O-O e6 6. b3 Be7 7. Bb2 O-O 8. d3 a6 9. Nbd2 Nbd7 10. Re1 h6 11. a3 Bh7 12. Rc1 b5 13. Rc2 a5 14. Qa1 dxc4 15. bxc4 b4 16. Nd4 Qc7 17. Nxc6 Bc5 18. Nd4 bxa3 19. Bxa3 Bxa3 20. Qxa3 Rab8 21. Nc6 Rb6 22. Nxa5 Ra6 23. Ndb3 Nc5 24. Qxc5 Qxc5 25. Nxc5 Rxa5 26. Nb7 Ra7 27. Rb1 e5 28. c5 e4 29. Rc3 Nd5 30. Rcb3 f5 31. c6 Rc8 32. Nd6 Rd8 33. Rb8 Ra8 34. Rxa8 Rxa8 35. dxe4 fxe4 36. Bxe4 Bxe4 37. Nxe4 Kf8 38. Rb5 Nc7 39. Rb7 Nd5 40. Nd6 Rd8 41. Rf7+ Kg8 42. Rd7 Rxd7 43. cxd7 1-0


[Site "https://www.chess.com"]

[Event "Titled Tuesday Blitz March 01 Late 2022"]
[White "Mogranzini, Roberto"]
[Black "Petrova, Irina"]
[WhiteFideId "810894"]
[BlackFideId "14124122"]
[WhiteElo "2469"]
[BlackElo "1988"]
[Result "1-0"]
[Round "05"]
[TimeControl "180+1"]
[Date "2022.03.02"]
[WhiteClock "0:01:39"]
[BlackClock "0:01:48"]

1. e4 d6 2. d4 Nf6 3. Nc3 e5 4. dxe5 dxe5 5. Qxd8+ Kxd8 6. Bc4 Ke8 7. a3 c6 8. Nf3 Bd6 9. Be3 b5 10. Ba2 Nbd7 11. Rd1 Ke7 12. O-O Bb7 13. Ng5 Rhf8 14. Nxf7 Bc5 15. Bxc5+ Nxc5 16. Nxe5 Rad8 17. f3 a5 18. Ne2 Na4 19. b4 axb4 20. axb4 Nb6 21. Nd4 g6 22. Ndxc6+ 1-0


[Site "https://www.chess.com"]

[Event "Titled Tuesday Blitz March 01 Late 2022"]
[White "Morales Flores, Monserrat"]
[Black "Jakubowska, Anna"]
[WhiteFideId "3412016"]
[BlackFideId "1121952"]
[WhiteElo "2028"]
[BlackElo "1924"]
[Result "1/2-1/2"]
[Round "05"]
[TimeControl "180+1"]
[Date "2022.03.02"]
[WhiteClock "0:01:12"]
[BlackClock "0:01:26"]

1. e4 Nf6 2. e5 Nd5 3. c4 Nb6 4. d4 d6 5. exd6 cxd6 6. Nf3 g6 7. Nc3 Bg7 8. Be2 O-O 9. O-O Nc6 10. b3 Bg4 11. Be3 d5 12. c5 Nc8 13. h3 Bxf3 14. Bxf3 e6 15. Rb1 N8e7 16. Nb5 Nf5 17. Bg4 Nxe3 18. fxe3 e5 19. dxe5 Nxe5 20. Bf3 d4 21. Nxd4 Nxf3+ 22. Nxf3 Qe7 23. Qc1 Rac8 24. b4 b6 25. c6 b5 26. Re1 Qe4 27. c7 Qe7 28. Qc6 Rxc7 29. Qxb5 Rfc8 30. a4 Rc2 31. Nd4 Bxd4 32. exd4 Qh4 33. Re8+ Rxe8 34. Qxe8+ Kg7 35. Qe5+ Kg8 36. Rf1 f5 37. Qb8+ Kg7 38. Qxa7+ Kh6 39. d5 Qg3 40. Rf2 Rc1+ 41. Rf1 Rc2 42. Rf2 Rc1+ 43. Rf1 Rc2 1/2-1/2


[Site "https://www.chess.com"]

[Event "Titled Tuesday Blitz March 01 Late 2022"]
[White "Muradli, Mahammad"]
[Black "Indjic, Aleksandar"]
[WhiteFideId "13409301"]
[BlackFideId "911925"]
[WhiteElo "2645"]
[BlackElo "2616"]
[Result "1-0"]
[Round "05"]
[TimeControl "180+1"]
[Date "2022.03.01"]
[WhiteClock "0:00:20"]
[BlackClock "0:00:05"]

1. Nf3 d5 2. g3 Nd7 3. d4 Nb6 4. Bg2 Bf5 5. O-O h6 6. a4 a5 7. b3 Nf6 8. Ba3 c6 9. Re1 e6 10. Bxf8 Kxf8 11. Nfd2 Kg8 12. Nc3 Kh7 13. e4 Bg6 14. e5 Nfd7 15. f4 c5 16. Nf3 Rf8 17. Nb5 cxd4 18. Nfxd4 Kg8 19. Rc1 Nc5 20. Nd6 Nc8 21. N4b5 Nxd6 22. Nxd6 Qb6 23. Qd4 Nxa4 24. Qxb6 Nxb6 25. c4 a4 26. c5 Nd7 27. b4 a3 28. Nxb7 a2 29. Ra1 Rfb8 30. c6 Nb6 31. b5 Bb1 32. Nd6 Ra7 33. Rc1 Rc7 34. Bf3 Ra8 35. Bd1 Bd3 36. Bb3 Bb1 37. Bc2 Bxc2 38. Rxc2 Rca7 39. c7 Nc4 40. c8=Q+ Rxc8 41. Nxc8 Ra5 42. Nd6 1-0


[Site "https://www.chess.com"]

[Event "Titled Tuesday Blitz March 01 Late 2022"]
[White "Nilsen, Tobias Lang"]
[Black "Bibasa, Bob"]
[WhiteFideId "1521624"]
[BlackFideId "10000240"]
[WhiteElo "2013"]
[BlackElo "2056"]
[Result "1/2-1/2"]
[Round "05"]
[TimeControl "180+1"]
[Date "2022.03.02"]
[WhiteClock "0:00:29"]
[BlackClock "0:01:33"]

1. f4 d5 2. Nf3 c5 3. g3 Nc6 4. Bg2 Nf6 5. O-O Bd7 6. d3 g6 7. Nc3 d4 8. Ne4 Bg7 9. Nxf6+ Bxf6 10. e4 dxe3 11. Bxe3 O-O 12. Bxc5 Bxb2 13. Rb1 Bg7 14. Rxb7 Na5 15. Rb1 Qc7 16. Bf2 Rac8 17. c4 Bc6 18. Nd4 Bxg2 19. Kxg2 Rfd8 20. Nb5 Qc6+ 21. Qf3 Qxf3+ 22. Kxf3 Rxd3+ 23. Ke2 Rcd8 24. Rfd1 Rxd1 25. Rxd1 Rxd1 26. Kxd1 Nxc4 27. Nxa7 e5 28. fxe5 Bxe5 29. Nc6 Bc7 30. Kc2 f5 31. a4 Kf7 32. Kc3 Ne5 33. Nxe5+ Bxe5+ 34. Bd4 Bc7 35. Kb4 f4 36. g4 f3 37. a5 Bxh2 38. a6 Bb8 39. Kc4 h5 40. g5 Ke6 41. Kd3 Kf5 42. Ke3 Kg4 43. Kf2 h4 44. a7 Bxa7 45. Bxa7 h3 46. Bb8 Kxg5 47. Kxf3 Kh4 48. Bg3+ Kg5 49. Bb8 Kh4 50. Bg3+ Kh5 51. Bd6 g5 52. Kg3 g4 53. Bf4 Kg6 54. Kxg4 h2 55. Bxh2 1/2-1/2


[Site "https://www.chess.com"]

[Event "Titled Tuesday Blitz March 01 Late 2022"]
[White "Novikova, Galina"]
[Black "Debray, Christopher"]
[WhiteFideId "4157095"]
[BlackFideId "630810"]
[WhiteElo "1863"]
[BlackElo "2369"]
[Result "1-0"]
[Round "05"]
[TimeControl "180+1"]
[Date "2022.03.02"]
[WhiteClock "0:01:08"]
[BlackClock "0:00:03"]

1. e4 e6 2. Nf3 d5 3. e5 c5 4. b4 d4 5. bxc5 Bxc5 6. Bd3 Nc6 7. O-O Nge7 8. c3 O-O 9. Re1 Ng6 10. Qe2 Nf4 11. Qe4 Nxd3 12. Qxd3 b6 13. Na3 Bb7 14. Nc4 Qd5 15. Ng5 g6 16. Qh3 h5 17. d3 dxc3 18. Be3 Nd4 19. Ne4 Be7 20. Nxc3 Qd7 21. Rac1 Rac8 22. Ne4 Kg7 23. Rcd1 Nc2 24. Re2 Nxe3 25. Rxe3 Rxc4 26. Ng3 Rd4 27. Nxh5+ gxh5 28. Qxh5 Rg8 29. Rg3+ Kf8 30. Qh6+ Ke8 31. Rxg8+ Bf8 32. Qxf8# 1-0


[Site "https://www.chess.com"]

[Event "Titled Tuesday Blitz March 01 Late 2022"]
[White "Okike, David"]
[Black "Rudykh, Stepan"]
[WhiteFideId "8500134"]
[BlackFideId "4180321"]
[WhiteElo "2232"]
[BlackElo "2109"]
[Result "0-1"]
[Round "05"]
[TimeControl "180+1"]
[Date "2022.03.02"]
[WhiteClock "0:02:28"]
[BlackClock "0:01:49"]

1. e4 e6 2. d4 d5 3. Nc3 Bb4 4. e5 c5 5. a3 Bxc3+ 6. bxc3 Ne7 7. Qg4 cxd4 8. Qxg7 Rg8 9. Qxh7 Qc7 10. Ne2 Nbc6 11. f4 Bd7 12. Rb1 dxc3 13. Qd3 Nf5 14. Qxc3 d4 15. Qc4 Rc8 16. Kf2 Nxe5 17. Qxc7 Ng4+ 18. Kf3 Rxc7 19. h3 Bc6# 0-1


[Site "https://www.chess.com"]

[Event "Titled Tuesday Blitz March 01 Late 2022"]
[White "Oye-Stromberg, Alexander"]
[Black "Sliwicki, Damian"]
[WhiteFideId "1525999"]
[BlackFideId "1127128"]
[WhiteElo "1934"]
[BlackElo "2084"]
[Result "1-0"]
[Round "05"]
[TimeControl "180+1"]
[Date "2022.03.02"]
[WhiteClock "0:00:49"]
[BlackClock "0:00:15"]

1. e4 c5 2. Ne2 e5 3. Nbc3 Nc6 4. Ng3 g6 5. Bc4 Bg7 6. h4 h5 7. a3 d6 8. d3 Bg4 9. f3 Bd7 10. Nd5 Nd4 11. Bg5 f6 12. Be3 Ne6 13. f4 exf4 14. Nxf4 Nxf4 15. Bxf4 Bg4 16. Qd2 Ne7 17. O-O Qd7 18. a4 O-O-O 19. b4 g5 20. Be3 gxh4 21. Nf5 Nxf5 22. exf5 h3 23. Be6 hxg2 24. Kxg2 Qxe6 25. fxe6 Bxe6 26. Kf2 f5 27. Rab1 h4 28. Rg1 Be5 29. bxc5 f4 30. cxd6 fxe3+ 31. Qxe3 Rhf8+ 32. Ke2 Bxd6 33. Qxe6+ Kc7 34. Rg7+ Kb8 35. Rbxb7+ Ka8 36. Rxa7+ Kb8 37. Rgb7# 1-0


[Site "https://www.chess.com"]

[Event "Titled Tuesday Blitz March 01 Late 2022"]
[White "P., Komal Kishore"]
[Black "Ladan, Nicholas"]
[WhiteFideId "5016703"]
[BlackFideId "30918855"]
[WhiteElo "2091"]
[BlackElo "2363"]
[Result "0-1"]
[Round "05"]
[TimeControl "180+1"]
[Date "2022.03.02"]
[WhiteClock "0:00:01"]
[BlackClock "0:00:13"]

1. e4 e5 2. Nf3 Nc6 3. Bb5 a6 4. Ba4 g6 5. O-O Bg7 6. Re1 Nge7 7. c3 O-O 8. d4 exd4 9. cxd4 b5 10. Bb3 d6 11. h3 Na5 12. Bc2 c5 13. a4 b4 14. b3 cxd4 15. Nxd4 d5 16. e5 Nec6 17. Bb2 Nxe5 18. Nd2 Bb7 19. Rb1 Rc8 20. N2f3 Nxf3+ 21. Nxf3 Bxb2 22. Rxb2 Qf6 23. Ra2 Rc3 24. Qd4 Rxf3 25. Qc5 Rc3 26. Qxa5 Rfc8 27. Bd1 Qd4 28. Bf3 Rxb3 29. Rae2 Qc5 30. Re8+ Kg7 31. Qxc5 Rxc5 32. R1e7 Bc8 33. Rd8 Be6 34. Rb7 Rb1+ 35. Kh2 b3 36. Rdb8 d4 37. g4 d3 38. Rd8 Rb2 39. Rxd3 Rxf2+ 40. Kg3 Rxf3+ 41. Rxf3 Bd5 42. Rfxb3 Bxb7 43. Rxb7 Rc4 0-1


[Site "https://www.chess.com"]

[Event "Titled Tuesday Blitz March 01 Late 2022"]
[White "Papasimakopoulos, Alexandros"]
[Black "Yurtseven, Melih"]
[WhiteFideId "4244125"]
[BlackFideId "6312160"]
[WhiteElo "2340"]
[BlackElo "2160"]
[Result "1-0"]
[Round "05"]
[TimeControl "180+1"]
[Date "2022.03.02"]
[WhiteClock "0:00:29"]
[BlackClock "0:00:04"]

1. d4 Nf6 2. c4 g6 3. Nc3 Bg7 4. e4 O-O 5. f3 c5 6. d5 e6 7. Nge2 exd5 8. cxd5 h5 9. Bg5 Qb6 10. Qd2 Nh7 11. Be7 Re8 12. Na4 Qa6 13. Nec3 c4 14. Bh4 b5 15. Nc5 Qa5 16. d6 b4 17. N3a4 c3 18. bxc3 bxc3 19. Qc2 Nc6 20. Bc4 Nd4 21. Qd3 c2+ 22. Kf1 Rb8 23. Rc1 Rb4 24. Be1 Rxa4 25. Bxa5 Rxa5 26. Nb3 Ra3 27. Rxc2 Nxc2 28. Qxc2 Bb7 29. Kf2 Rc8 30. Rc1 Ba6 31. Qe2 Rxc4 32. Rxc4 Bf8 33. Nc5 Bb5 34. Qc2 Bxc4 35. Qxc4 Bxd6 36. Nxd7 Nf8 37. e5 Be7 38. Nxf8 Bxf8 39. e6 fxe6 40. Qxe6+ Kg7 41. h4 a5 42. g4 hxg4 43. fxg4 Bc5+ 44. Kg2 Bb4 45. g5 Rc3 46. Qf6+ Kh7 47. Qf7+ Kh8 48. Qxg6 Rc5 49. Qf6+ Kg8 50. h5 Rc2+ 51. Kf3 Rc3+ 52. Kg4 Rc4+ 53. Kf5 Rc5+ 54. Kg6 Rc7 55. Qd8+ Bf8 56. Qxc7 1-0


[Site "https://www.chess.com"]

[Event "Titled Tuesday Blitz March 01 Late 2022"]
[White "Peatman, Carter"]
[Black "Mickiewicz, Piotr"]
[WhiteFideId "2096480"]
[BlackFideId "1114891"]
[WhiteElo "2285"]
[BlackElo "2266"]
[Result "0-1"]
[Round "05"]
[TimeControl "180+1"]
[Date "2022.03.02"]
[WhiteClock "0:00:18"]
[BlackClock "0:00:39"]

1. d4 e6 2. Nf3 Nf6 3. Bf4 c5 4. e3 b6 5. Nbd2 Bb7 6. Bd3 Be7 7. c3 O-O 8. O-O Nh5 9. Be5 d6 10. Ne1 g6 11. Bg3 Nd7 12. e4 cxd4 13. cxd4 a6 14. a4 Nxg3 15. hxg3 Bf6 16. Nef3 e5 17. d5 Bg7 18. Nc4 Qb8 19. Bc2 Rc8 20. Bb3 Bh6 21. Qe2 Rc5 22. Ne3 b5 23. Rac1 Qd8 24. Qd2 Rac8 25. Rfd1 Nf6 26. Rxc5 Rxc5 27. Qd3 Qc7 28. Ne1 Bc8 29. Kh1 Bd7 30. axb5 axb5 31. Qb1 Bxe3 32. fxe3 Ng4 33. Rd2 Qd8 34. Qd1 Qg5 35. Nf3 Qh6+ 36. Kg1 Qxe3+ 37. Kf1 b4 38. Qe2 Bb5 0-1


[Site "https://www.chess.com"]

[Event "Titled Tuesday Blitz March 01 Late 2022"]
[White "Perez Torres, Nabi Isaias"]
[Black "Fishbein, Alexander"]
[WhiteFideId "5120373"]
[BlackFideId "2000377"]
[WhiteElo "1755"]
[BlackElo "2442"]
[Result "0-1"]
[Round "05"]
[TimeControl "180+1"]
[Date "2022.03.02"]
[WhiteClock "0:00:05"]
[BlackClock "0:00:22"]

1. d4 Nf6 2. c4 g6 3. Nc3 Bg7 4. e4 O-O 5. Be2 d6 6. Nf3 e5 7. O-O exd4 8. Nxd4 c6 9. Bg5 Re8 10. Qc2 Qe7 11. Rad1 h6 12. Bxf6 Qxf6 13. Rfe1 Na6 14. Bf1 Nc5 15. b4 Ne6 16. Nde2 a5 17. a3 axb4 18. axb4 Ra3 19. Nb1 Ra6 20. Rxd6 Bf8 21. Rd3 Bxb4 22. Red1 Bf8 23. Nbc3 Nc5 24. Re3 Be6 25. Nd4 Raa8 26. h3 Bd7 27. Nf3 Rad8 28. e5 Qe7 29. Ne4 Bf5 30. Rxd8 Rxd8 31. Nfd2 Rxd2 32. Qxd2 Nxe4 33. Qd4 Nc5 34. f4 Ne6 35. Qc3 Qb4 36. Qxb4 Bxb4 37. Rb3 c5 38. g3 Bc2 39. Rb2 Nd4 40. Bg2 b6 41. Kf2 Kf8 42. Ke3 Ke7 43. Ra2 Nf5+ 44. Kf2 Nd4 45. Bd5 Bf5 46. Ra7+ Bd7 47. g4 Kd8 48. Rb7 b5 49. cxb5 Bxb5 50. Rxf7 Be8 51. Rb7 Bc6 52. Bxc6 Nxc6 53. Rb6 Kc7 54. Rb5 g5 55. fxg5 hxg5 56. Kg3 Nxe5 57. h4 gxh4+ 58. Kxh4 Kc6 59. Rb8 Be1+ 60. Kh5 c4 61. Rc8+ Kd5 62. g5 Nc6 63. g6 Bc3 64. Kh6 Be5 65. Kg5 c3 66. Re8 c2 67. Rxe5+ Nxe5 68. g7 c1=Q+ 69. Kf6 Qf4+ 70. Ke7 Qf7+ 71. Kd8 Qd7# 0-1


[Site "https://www.chess.com"]

[Event "Titled Tuesday Blitz March 01 Late 2022"]
[White "Petrovic, Aleksa"]
[Black "Dong, Bao Nghia"]
[WhiteFideId "967629"]
[BlackFideId "12400343"]
[WhiteElo "2139"]
[BlackElo "2360"]
[Result "0-1"]
[Round "05"]
[TimeControl "180+1"]
[Date "2022.03.02"]
[WhiteClock "0:00:04"]
[BlackClock "0:01:29"]

1. d4 Nf6 2. c4 c5 3. Nf3 cxd4 4. Nxd4 Nc6 5. Nc3 g6 6. e4 d6 7. Be2 Bg7 8. Be3 O-O 9. O-O Be6 10. Nxe6 fxe6 11. Qd2 Kh8 12. Rfd1 a6 13. c5 dxc5 14. Qxd8 Rfxd8 15. Bxc5 e5 16. Bc4 Bf8 17. Bb6 Rd6 18. Bc5 Rdd8 19. Nd5 Nxe4 20. Bb6 Rd6 21. Bc7 Nd4 22. Bxd6 exd6 23. Nb6 Rd8 24. Bd5 Nc5 25. b4 Nd7 26. Nxd7 Rxd7 27. Kf1 Bh6 28. g3 Kg7 29. a4 Rc7 30. Ra2 Kf6 31. f4 Nc2 32. fxe5+ Kxe5 33. Kg1 Be3+ 34. Kg2 Nxb4 35. Re2 Nxd5 36. Rxd5+ Kxd5 37. Rxe3 b5 38. a5 Rc4 39. Re7 Ra4 40. Rxh7 Rxa5 41. Rg7 b4 42. Rxg6 Ra2+ 43. Kh3 b3 44. Rg5+ Kc6 45. Rg8 b2 46. Rb8 a5 47. Kg4 a4 48. h4 a3 49. h5 Ra1 50. h6 Rh1 51. Kg5 b1=Q 52. Rxb1 Rxb1 53. h7 Rh1 54. Kg6 a2 0-1


[Site "https://www.chess.com"]

[Event "Titled Tuesday Blitz March 01 Late 2022"]
[White "Piesik, Piotr"]
[Black "Rustemov, Alexander"]
[WhiteFideId "1136194"]
[BlackFideId "4119002"]
[WhiteElo "2232"]
[BlackElo "2790"]
[Result "1-0"]
[Round "05"]
[TimeControl "180+1"]
[Date "2022.03.01"]
[WhiteClock "0:00:42"]
[BlackClock "0:00:04"]

1. Nf3 d5 2. g3 Nf6 3. Bg2 c6 4. O-O Bf5 5. c4 dxc4 6. Na3 e5 7. Nxc4 e4 8. Ne1 Qd7 9. Ne3 Bh3 10. d3 Bxg2 11. Kxg2 Qe6 12. dxe4 Qxe4+ 13. Nf3 Nbd7 14. Qc2 Qxc2 15. Nxc2 Be7 16. Rd1 Nb6 17. b3 Nfd5 18. Bb2 Bf6 19. Bxf6 Nxf6 20. Ne3 g6 21. Ne5 Ke7 22. Rd3 Rhd8 23. Rad1 Rxd3 24. Rxd3 Ke6 25. N5c4 Nfd5 26. Na5 Rb8 27. Nxd5 Nxd5 28. e4 Nb4 29. Rd2 b6 30. Nc4 c5 31. a3 Na6 32. Rd6+ Ke7 33. e5 Nc7 34. f4 Ne6 35. Ne3 Nc7 36. Kf3 Rd8 37. Rxd8 Kxd8 38. Ke4 h5 39. h3 Kd7 40. g4 hxg4 41. hxg4 Kc6 42. f5 gxf5+ 43. gxf5 b5 44. Ng4 Ne8 45. Nh6 f6 46. Ng4 fxe5 47. Kxe5 Nd6 48. f6 Nf7+ 49. Ke6 Ng5+ 50. Kf5 Nh7 51. f7 Nf8 52. Ke5 a5 53. Ne3 Nd7+ 54. Ke6 Nf8+ 55. Ke7 Ng6+ 56. Ke8 Kd6 57. Nf5+ Ke5 58. Nh4 Nxh4 59. f8=Q Kd4 60. Qf6+ Kd3 61. Qxh4 Kc3 62. a4 c4 63. bxc4 b4 64. c5 b3 65. c6 b2 66. Qe1+ Kc2 67. c7 b1=Q 68. Qxb1+ Kxb1 69. c8=Q Kb2 70. Qc4 Ka3 71. Qb5 Ka2 72. Kd7 Ka3 73. Kd6 Ka2 74. Kd5 Ka1 75. Kd4 Ka2 76. Kc3 Ka1 77. Qb2# 1-0


[Site "https://www.chess.com"]

[Event "Titled Tuesday Blitz March 01 Late 2022"]
[White "Prohorov, Olexandr"]
[Black "Elissalt Cardenas, Hector"]
[WhiteFideId "14105578"]
[BlackFideId "3500632"]
[WhiteElo "1993"]
[BlackElo "2159"]
[Result "1-0"]
[Round "05"]
[TimeControl "180+1"]
[Date "2022.03.02"]
[WhiteClock "0:00:26"]
[BlackClock "0:00:13"]

1. e4 d6 2. d4 Nf6 3. Nc3 e5 4. f3 Nbd7 5. Be3 c6 6. Bc4 Be7 7. Qd2 b5 8. Bd3 O-O 9. a4 b4 10. Nce2 d5 11. g4 dxe4 12. Bxe4 Nxe4 13. fxe4 Nf6 14. O-O-O Nxe4 15. Qd3 Nf6 16. g5 e4 17. Qc4 Ng4 18. Qxc6 Bf5 19. Bf4 Rc8 20. Qb5 e3 21. Qxf5 Nf2 22. Nf3 Nxh1 23. Rxh1 Bd6 24. Re1 Bxf4 25. Qxf4 Re8 26. Ng3 Qd5 27. Kb1 b3 28. c3 Qc6 29. Rxe3 Qxa4 30. Rxe8+ Rxe8 31. Ne5 Qa2+ 32. Kc1 Qa1+ 33. Kd2 Qxb2+ 34. Kd3 Qc2+ 35. Kc4 b2 36. Qxf7+ 1-0


[Site "https://www.chess.com"]

[Event "Titled Tuesday Blitz March 01 Late 2022"]
[White "Quesada Perez, Yuniesky"]
[Black "Rosen, Eric"]
[WhiteFideId "3504409"]
[BlackFideId "2032562"]
[WhiteElo "2622"]
[BlackElo "2362"]
[Result "1-0"]
[Round "05"]
[TimeControl "180+1"]
[Date "2022.03.01"]
[WhiteClock "0:00:12"]
[BlackClock "0:00:02"]

1. d4 d5 2. Nf3 Nf6 3. g3 e6 4. Bg2 Be7 5. O-O b5 6. b3 O-O 7. Bb2 a5 8. c4 c6 9. Ne5 Nfd7 10. cxd5 cxd5 11. Nc3 Nxe5 12. dxe5 b4 13. Na4 Ba6 14. Rc1 Nd7 15. Bd4 Rc8 16. Qd2 Bb5 17. e4 Bxf1 18. Rxf1 dxe4 19. Qe3 Qc7 20. Bxe4 Nxe5 21. Bxe5 Bd6 22. Bb2 Rfd8 23. Rc1 Qe7 24. Rxc8 Rxc8 25. Qd4 f6 26. Kg2 Be5 27. Qd2 Bxb2 28. Nxb2 Rd8 29. Qc2 f5 30. Bf3 g5 31. h3 Qg7 32. Nc4 Qc7 33. Qe2 Re8 34. Qe3 h6 35. Qd4 e5 36. Qd5+ Kg7 37. Nd6 Rf8 38. Qxe5+ Kg6 39. Qe6+ Rf6 40. Bh5+ Kxh5 41. Qxf6 Qc6+ 42. Kh2 Qd5 43. Nxf5 g4 44. Qxh6# 1-0


[Site "https://www.chess.com"]

[Event "Titled Tuesday Blitz March 01 Late 2022"]
[White "Rangel, Daniel"]
[Black "Hjartarson, Johann"]
[WhiteFideId "2124475"]
[BlackFideId "2300044"]
[WhiteElo "2187"]
[BlackElo "2484"]
[Result "0-1"]
[Round "05"]
[TimeControl "180+1"]
[Date "2022.03.02"]
[WhiteClock "0:00:14"]
[BlackClock "0:01:00"]

1. c4 g6 2. g3 Bg7 3. Bg2 c5 4. Nc3 Nc6 5. b3 Nf6 6. Bb2 O-O 7. Nf3 a6 8. O-O Rb8 9. d4 cxd4 10. Nxd4 Nxd4 11. Qxd4 b5 12. c5 Bb7 13. Nd5 Bxd5 14. Bxd5 Qc7 15. b4 d6 16. Rac1 dxc5 17. Rxc5 Qb6 18. Bb3 Rfd8 19. Qf4 Rb7 20. e4 Rbd7 21. e5 Nd5 22. Qf3 e6 23. Rfc1 Nxb4 24. Kg2 Nd3 25. Rc6 Qa7 26. R1c2 Ne1+ 0-1


[Site "https://www.chess.com"]

[Event "Titled Tuesday Blitz March 01 Late 2022"]
[White "Renjith, Sravan"]
[Black "Romanchuk, Viktor"]
[WhiteFideId "4306783"]
[BlackFideId "14109271"]
[WhiteElo "1863"]
[BlackElo "2242"]
[Result "1-0"]
[Round "05"]
[TimeControl "180+1"]
[Date "2022.03.02"]
[WhiteClock "0:00:12"]
[BlackClock "0:00:05"]

1. Nf3 d5 2. d4 Nf6 3. c4 c6 4. cxd5 cxd5 5. Nc3 Nc6 6. g3 Bg4 7. Ne5 Bh5 8. Bg2 e6 9. O-O Nxe5 10. dxe5 Nd7 11. f4 Bc5+ 12. Kh1 O-O 13. Qd3 Bb4 14. e4 Nc5 15. Qd4 Bxc3 16. Qxc5 Rc8 17. Qb5 a6 18. Qb3 Ba5 19. exd5 exd5 20. Qxd5 Rc2 21. Qb3 Qc7 22. Be3 b5 23. Rac1 Rc8 24. Bd5 Bg6 25. e6 1-0


[Site "https://www.chess.com"]

[Event "Titled Tuesday Blitz March 01 Late 2022"]
[White "Ribeiro, Matheus Mendes Domingues"]
[Black "Hamley, Ryan"]
[WhiteFideId "324226923"]
[BlackFideId "30959497"]
[WhiteElo "1886"]
[BlackElo "2585"]
[Result "0-1"]
[Round "05"]
[TimeControl "180+1"]
[Date "2022.03.02"]
[WhiteClock "0:00:16"]
[BlackClock "0:01:00"]

1. c4 Nf6 2. Nc3 g6 3. e4 d6 4. g3 Bg7 5. Bg2 O-O 6. d3 c6 7. Nge2 Nbd7 8. O-O a5 9. h3 b6 10. Be3 Bb7 11. f4 e5 12. Kh2 Nc5 13. Qd2 exf4 14. Nxf4 Re8 15. d4 Ncxe4 16. Nxe4 Nxe4 17. Qd3 d5 18. cxd5 cxd5 19. Rac1 Ba6 20. Qb3 Bxf1 21. Rxf1 a4 22. Qxd5 Qxd5 23. Nxd5 Rad8 24. Nxb6 Nxg3 25. Kxg3 Rxe3+ 26. Rf3 Rxf3+ 27. Bxf3 Bxd4 28. Nxa4 Be5+ 29. Kf2 Rd2+ 30. Ke3 Rh2 31. a3 Bxb2 32. Nxb2 Rxb2 33. Bd5 Rb5 34. Bc6 Rc5 35. Bd7 Rc3+ 36. Kf4 Rxa3 37. Kg5 Kg7 38. Bg4 f5 39. Kh4 fxg4 0-1


[Site "https://www.chess.com"]

[Event "Titled Tuesday Blitz March 01 Late 2022"]
[White "Romero Ruscalleda, Josep"]
[Black "Gracia Alvarez, Gerardo Antonio"]
[WhiteFideId "2231859"]
[BlackFideId "5109124"]
[WhiteElo "2315"]
[BlackElo "2139"]
[Result "0-1"]
[Round "05"]
[TimeControl "180+1"]
[Date "2022.03.02"]
[WhiteClock "0:00:04"]
[BlackClock "0:00:04"]

1. e4 c5 2. c3 Nf6 3. e5 Nd5 4. Nf3 Nc6 5. Bc4 Nb6 6. Bb3 c4 7. Bc2 d6 8. exd6 Qxd6 9. O-O Bg4 10. Re1 O-O-O 11. Qe2 Kb8 12. Na3 Qf6 13. Be4 Ne5 14. b3 Bxf3 15. Bxf3 Nxf3+ 16. gxf3 Nd5 17. Nxc4 Nf4 18. Qe5+ Qxe5 19. Nxe5 Nd3 20. Nxf7 Rd5 21. Re3 Rg8 22. Ba3 e5 23. Bxf8 Rxf8 24. Ng5 Nf4 25. Rd1 Rfd8 26. Ne4 a6 27. h4 h6 28. Kh2 g5 29. Rg1 gxh4 30. Rg7 R5d7 31. Rg4 h3 32. Re1 Rf7 33. Reg1 Nd3 34. R1g3 Ne1 35. Rxh3 Nxf3+ 36. Kg2 Nxd2 37. Nxd2 Rxd2 38. Rxh6 Rfxf2+ 39. Kg3 Rg2+ 40. Kh4 Rxa2 41. Re6 Rxg4+ 42. Kxg4 Rc2 43. c4 Rc3 44. Kf5 Rxb3 45. Rxe5 Rc3 46. Rc5 Ka7 47. Ke5 Kb6 48. Rc8 Rc1 49. Kd4 Ka5 50. Rb8 b6 51. Rb7 Rc2 52. Kd3 Rc1 53. Kd4 b5 54. cxb5 axb5 55. Kd3 Kb4 56. Kd2 Rc6 57. Rb8 Ka4 58. Ra8+ Kb3 59. Rb8 b4 60. Rb7 Ka3 61. Ra7+ Kb2 62. Rb7 b3 63. Rb8 Rc5 64. Kd1 Ka2 65. Ra8+ Kb1 66. Kd2 b2 67. Ra4 Rd5+ 68. Kc3 Kc1 69. Rh4 b1=Q 70. Rh1+ Rd1 0-1


[Site "https://www.chess.com"]